 Dungeon Crawl Stone Soup version 0.30-a0-881-g1ff12e1e11 (webtiles) character file.

Game seed: 6221940123840723875

2243 domi the Destroyer (level 9, -2/57 HPs)
             Began as a Demonspawn Conjurer on Mar 14, 2023.
             Was an Initiate of Gozag.
             Slain by a slime creature (23 damage)
             ... on level 7 of the Dungeon.
             The game lasted 00:16:44 (8704 turns).

domi the Destroyer (Demonspawn Conjurer)            Turns: 8704, Time: 00:16:45

Health: -2/57      AC: 12    Str:  7    XL:     9   Next: 14%
Magic:  1/12       EV: 12    Int: 23    God:    Gozag
Gold:   852        SH:  0    Dex: 13    Spells: 1/12 levels left

rFire   . . .      SeeInvis .    i - +0 quarterstaff (chaos)
rCold   . . .      Faith    .    (shield currently unavailable)
rNeg    . . .      Spirit   .    a - +1 robe
rPois   .          Reflect  .    z - +1 helmet
rElec   .          Rampage  .    (no cloak)
rCorr   .                        (no gloves)
Will    .....                    k - +0 pair of boots
Stlth   ++                       x - amulet of regeneration {+regen, !d}
HPRegen 1.09/turn                m - +4 ring of protection
MPRegen 0.13/turn                (no ring)

@: no status effects
A: hooves 1, thin metallic scales 1, powered by death 2, powered by pain 2
a: Renounce Religion, Potion Petition, Call Merchant, Bribe Branch


You were on level 7 of the Dungeon.
You worshipped Gozag.
Gozag was pleased with you.
You visited 2 branches of the dungeon, and saw 8 of its levels.
You also visited: Sewer.

You collected 931 gold pieces.
You paid 79 gold pieces to Gozag.

Inventory:

Hand Weapons
 i - a +0 quarterstaff of chaos (weapon)
   (You found it on level 1 of the Dungeon)
Missiles
 o - a throwing net {=f, !d=f}
Armour
 a - a +1 robe (worn)
 k - a +0 pair of boots (worn)
   (You found it on level 2 of the Dungeon)
 z - a +1 helmet (worn)
   (You found it on level 4 of the Dungeon)
Jewellery
 m - a +4 ring of protection (left hand)
   (You found it on level 2 of the Dungeon)
 x - an amulet of regeneration (around neck) {+regen, !d}
   (You found it on level 4 of the Dungeon)
 D - a +6 ring of dexterity
   (You found it on level 7 of the Dungeon)
Wands
 b - a wand of flame (34)
   (You took it off an orc on level 4 of the Dungeon)
Scrolls
 f - 9 scrolls of identify {@r1}
 g - 2 scrolls of poison {!r}
 l - 6 scrolls of teleportation {@r4}
 p - a scroll of noise {!r}
 q - a scroll of silence {unknown}
 u - a scroll of butterflies {unknown}
 v - 2 scrolls of fog
 y - a scroll of blinking
 C - 3 scrolls of magic mapping {!r}
 E - a scroll of amnesia {unknown}
 F - a scroll of enchant weapon {unknown}
Potions
 c - 4 potions of degeneration {unknown}
 d - 3 potions of brilliance
 e - 2 potions of lignification {unknown}
 h - 3 potions of might
 j - a potion of attraction {unknown}
 n - 2 potions of invisibility {unknown}
 r - 3 potions of ambrosia {unknown}
 s - 4 potions of heal wounds {unknown}
 t - a potion of haste {unknown}
 w - 2 potions of resistance {unknown}
 A - 2 potions of curing {unknown}
 B - a potion of berserk rage {unknown}


   Skills:
 - Level 1.7 Dodging
 - Level 1.7 Stealth
 - Level 2.0 Spellcasting
 - Level 8.0 Conjurations
 + Level 5.1 Hexes
 + Level 7.8 Translocations


You had one spell level left.
You knew the following spells:

 Your Spells              Type           Power      Damage    Failure   Level
c - Iskenderun's Mystic   Conj/Tloc      38%        2d9       4%          4
x - Searing Ray           Conj           78%        2d7       1%          2
z - Magic Dart            Conj           100%       1d8       1%          1
Z - Fulminant Prism       Conj/Hex       16%        3d10      9%          4

Your spell library contained the following spells:

 Spells                   Type           Power      Damage    Failure   Level
 Kiss of Death            Conj/Necr      80%        2d11      2%          1
 Necrotise                Necr           8%         1d4       13%         1
 Dazzling Flash           Conj/Hex       64%        N/A       2%          3
 Confusing Touch          Hex            25%        N/A       4%          3
 Vampiric Draining        Necr           2%         2d6       36%         3
 Dispel Undead            Necr           2%         3d7       77%         4
 Agony                    Necr           2%         N/A       98%         5


Dungeon Overview and Level Annotations

Branches:
Dungeon (7/15)             Temple (1/1) D:4           Sewer (visited)

Altars:
Ashenzari
Cheibriados
Dithmenos
Fedhas
Gozag
Hepliaklqana
Kikubaaqudgha
Makhleb
Nemelex Xobeh
Okawaru
Qazlal
Ru
Sif Muna
Trog
Uskayaw
Vehumet
Wu Jian
Xom

Annotations:
D:4 3 runed translucent doors, Mickster's ghost, weakling HOCK; ZoeForever1's ghost, amateur GnTm; osoart's ghost, amateur SpHu
D:6 Edmund


Innate Abilities, Weirdness & Mutations

You have large cloven feet.
You are partially covered in thin metallic scales. (AC +2)
You regenerate health from kills.
You sometimes gain power by taking damage.


Message History

The jelly closely misses you.
The slime creature hits you but does no damage.
You hit the slime creature.
The slime creature suddenly seems more agile.
The jelly closely misses you. The slime creature hits you!
You focus on the pain.
You feel your power returning.
You hit the slime creature.
Lightning courses through the slime creature!
You kill the slime creature!
The jelly hits you. The acid corrodes you!
You are splashed with acid!
Your Hexes skill increases to level 5!
The jelly attacks as you move away! The jelly hits you but does no damage.
The jelly attacks as you move away! The jelly closely misses you.
You see here a +2 whip of flaming.
Your magical contamination has completely faded away.
The jelly attacks as you move away! The jelly closely misses you.
Things that are here:
a +0 whip; a +0 leather armour The jelly attacks as you move away!
The jelly closely misses you. The jelly attacks as you move away!
The jelly barely misses you. The jelly attacks as you move away!
The jelly hits you but does no damage.
You see here a +0 rapier.
Things that are here:
a +0 club; a +0 chain mail The jelly attacks as you move away!
The jelly completely misses you.
You hit the jelly.
The jelly is poisoned.
The acid corrodes you!
Your hands burn!
The jelly misses you. The jelly completely misses you.
You hit the jelly but do no damage.
Your hands burn!
The jelly hits you but does no damage.
You sock the jelly! You burn the jelly.
You kill the jelly!
You start resting.
You now have 852 gold pieces (gained 5).
Things that are here:
a +0 club; a +0 chain mail You see here a +0 rapier.
You are no longer corroded.
Things that are here:
a +0 whip; a +0 leather armour An orc comes into view.
It is wielding a +0 hand axe.
You see here a +2 whip of flaming.
An orc is nearby!
An orc is nearby!
An orc is nearby!
Aim: an orc, wielding a +0 hand axe (wandering, hasn't noticed you, 100% to hit)
The magic dart hits the orc.
The orc shouts!
Aim: an orc, wielding a +0 hand axe (severely wounded, 100% to hit)
The magic dart hits the orc.
You kill the orc!
You can't see any susceptible monsters within range! (Use Z to cast anyway.)
You can't see any susceptible monsters within range! (Use Z to cast anyway.)
A slime creature is nearby!
A slime creature is nearby!
A slime creature is nearby!
A slime creature is nearby!
Aim: a slime creature (wandering, hasn't noticed you, 100% to hit)
The magic dart hits the slime creature!
The slime creature quivers.
Aim: a slime creature (lightly wounded, 100% to hit)
The magic dart hits the slime creature.
Aim: a slime creature (lightly wounded, 100% to hit)
The magic dart hits the slime creature.
Aim: a slime creature (moderately wounded, 100% to hit)
The magic dart hits the slime creature!
Aim: a slime creature (moderately wounded, 100% to hit)
The magic dart hits the slime creature.
Aim: a slime creature (heavily wounded, 100% to hit)
The magic dart hits the slime creature.
Aim: a slime creature (heavily wounded, 100% to hit)
The magic dart hits the slime creature.
The slime creature completely misses you.
Aim: a slime creature (heavily wounded, 100% to hit)
The magic dart hits the slime creature.
The slime creature closely misses you.
Aim: a slime creature (heavily wounded, 100% to hit)
The magic dart hits the slime creature.
The slime creature hits you!
Aim: a slime creature (severely wounded, 100% to hit)
The magic dart hits the slime creature.
The slime creature hits you!
Aim: a slime creature (severely wounded, 100% to hit)
The magic dart hits the slime creature.
The slime creature barely misses you.
Aim: a slime creature (severely wounded, 100% to hit)
The magic dart hits the slime creature.
The slime creature completely misses you.
Aim: a slime creature (severely wounded, 100% to hit)
The magic dart hits the slime creature.
The slime creature closely misses you.
You don't have enough magic to cast this spell.
You hit the slime creature. You burn the slime creature.
The slime creature closely misses you.
The slime creature hits you but does no damage.
You sock the slime creature!
The slime creature seems to grow stronger.
The slime creature closely misses you.
You barely miss the slime creature. The slime creature barely misses you.
You hit the slime creature. You freeze the slime creature.
The slime creature hits you!!
The slime creature hits you but does no damage.
You hit the slime creature. You freeze the slime creature.
The slime creature hits you!!
You die...
Your body crumbles into a pile of gold.

#)##########.# #....
#.#........#'###....
#.#.##......>..+....
#)#.##.........#....
#.#.##.........#....
#.#.#......###..####
#)#'#'###### ##..###
#...J..$.# ##....
#..@.....# #####
#...$....#
##.......# #.......#
#.........
#.........
#.........
####'###..


You could see a slime creature (strong).

Vanquished Creatures
  2 slime creatures (D:7)
  A water moccasin (D:7)
  An orc warrior (D:7)
  2 black bears
  3 scorpions
  10 killer bees
  3 howler monkeys
  5 jellies
  5 hounds
  4 orc priests
  A gnoll bouda (D:6)
  A sleepcap (D:7)
  Ijyb (D:4)
  An orc wizard (D:4)
  2 iguanas
  3 gnolls (D:6)
  6 adders
  A river rat (Sewer)
  A shadow imp (D:7)
  A white imp (D:5)
  5 worms
  3 dart slugs
  21 orcs
  A bat (D:3)
  16 endoplasms
  4 giant cockroaches
  4 hobgoblins
  6 jackals
  5 quokkas
  12 ball pythons
  8 frilled lizards
  8 goblins
  8 kobolds
  12 rats
167 creatures vanquished.

Notes
Turn   | Place    | Note
-------+----------+-------------------------------------------
     0 | D:1      | domi the Demonspawn Conjurer began the quest for the Orb.
     0 | D:1      | Reached XP level 1. HP: 13/13 MP: 3/3
   314 | D:1      | Gained mutation: You regenerate a little health from kills.
                  | [demonic ancestry]
   314 | D:1      | Reached XP level 2. HP: 19/19 MP: 1/5
  1006 | D:2      | Found a shadowy altar of Dithmenos.
  1273 | D:2      | Reached skill level 5 in Conjurations
  1333 | D:2      | Gained mutation: You sometimes gain a little power by
                  | taking damage. [demonic ancestry]
  1333 | D:2      | Reached XP level 3. HP: 16/24 MP: 0/6
  1941 | D:2      | Learned a level 2 spell: Searing Ray
  2385 | D:3      | Found an iron altar of Okawaru.
  2502 | D:3      | Gained mutation: You sometimes gain power by taking damage.
                  | [demonic ancestry]
  2502 | D:3      | Reached XP level 4. HP: 30/30 MP: 5/7
  2756 | D:3      | Learned a level 4 spell: Iskenderun's Mystic Blast
  3122 | D:4      | Noticed Ijyb
  3153 | D:4      | Killed Ijyb
  3154 | D:4      | Reached skill level 6 in Conjurations
  3249 | D:4      | Found a runed translucent gate.
  3249 | D:4      | Found a runed translucent gate.
  3249 | D:4      | Found a runed translucent gate.
  3253 | D:4      | Noticed Mickster's ghost (weakling HOCK)
  3253 | D:4      | Noticed ZoeForever1's ghost (amateur GnTm)
  3254 | D:4      | Noticed osoart's ghost (amateur SpHu)
  3380 | D:4      | Gained mutation: You are partially covered in thin metallic
                  | scales. (AC +2) [demonic ancestry]
  3380 | D:4      | Reached XP level 5. HP: 35/35 MP: 1/8
  3675 | D:4      | Reached skill level 7 in Conjurations
  3747 | D:4      | Gained mutation: You regenerate health from kills. [demonic
                  | ancestry]
  3747 | D:4      | Reached XP level 6. HP: 41/41 MP: 1/9
  3971 | D:4      | Found a stormy altar of Qazlal.
  3975 | D:4      | Found a staircase to the Ecumenical Temple.
  4005 | Temple   | Entered the Ecumenical Temple
  4059 | Temple   | Became a worshipper of Gozag Ym Sagoz the Greedy
  4169 | D:4      | Found a broken altar of Ashenzari.
  4171 | D:4      | Found a radiant altar of Vehumet.
  4174 | D:4      | Found an ornate altar of the Wu Jian Council.
  4175 | D:4      | Found a shadowy altar of Dithmenos.
  4309 | D:5      | Entered Level 5 of the Dungeon
  4400 | D:5      | Found a glowing drain.
  4410 | Sewer    | Entered a sewer
  4537 | Sewer    | Reached skill level 8 in Conjurations
  4759 | Sewer    | Reached skill level 1 in Translocations
  4888 | Sewer    | Found a viscous altar of Jiyva.
  5049 | D:5      | Reached skill level 2 in Translocations
  5049 | D:5      | Gained mutation: You have large cloven feet. [demonic
                  | ancestry]
  5049 | D:5      | Reached XP level 7. HP: 46/46 MP: 0/10
  5529 | D:5      | Reached skill level 3 in Translocations
  6100 | D:6      | Reached skill level 4 in Translocations
  6629 | D:6      | Reached skill level 5 in Translocations
  6800 | D:6      | Noticed Edmund
  6989 | D:6      | Reached XP level 8. HP: 40/52 MP: 6/11
  6991 | D:6      | Reached skill level 6 in Translocations
  7354 | D:7      | Learned a level 4 spell: Fulminant Prism
  7468 | D:7      | Reached skill level 1 in Hexes
  7610 | D:7      | Reached skill level 2 in Hexes
  7771 | D:7      | Reached skill level 3 in Hexes
  7872 | D:7      | Reached skill level 7 in Translocations
  8374 | D:7      | Reached skill level 4 in Hexes
  8503 | D:7      | Noticed a slime creature
  8527 | D:7      | Killed a slime creature
  8528 | D:7      | Reached XP level 9. HP: 34/57 MP: 1/12
  8639 | D:7      | Reached skill level 5 in Hexes
  8704 | D:7      | Slain by a slime creature

Illustrated notes

Levels and vault maps discovered:
D:1:      giann_wishing_wells, layout_rooms
D:2:      layout_loops_corners, basic_altar
D:3:      layout_loops_cross, okawaru_metal_pillars_1_2
D:4:      layout_cave_pools, minitemple, minmay_temple_entry_sparse_star,
          gammafunk_ghost_cemetery, uniq_ijyb
D:5:      layout_gridville, cheibrodos_sewer_entry_drain
D:6:      layout_layer_cave, hangedman_decor_growths, uniq_edmund
D:7:      layout_basic, eino_jars, uniq_crazy_yiuf_cottage
Temple:   hellmonk_temple_two_chambers

Skill      XL: |  1  2  3  4  5  6  7  8  9 |
---------------+----------------------------+-----
Conjurations   | 5 6 7 8 |  8.0
Translocations | 2 5 7 |  7.8
Hexes          | 4 5 |  5.1
Dodging        | |  1.7
Stealth        | |  1.7
Spellcasting   | |  2.0

Action                     |  1- 3 |  4- 6 |  7- 9 || total
---------------------------+-------+-------+-------++-------
  Melee: Quarterstaff      |     4 |    31 |    61 ||    96
   Cast: Magic Dart        |    96 |   132 |   120 ||   348
         Searing Ray       |       |     8 |    14 ||    22
         Iskenderun's Myst |       |     2 |     7 ||     9
  Evoke: Wand              |       |       |     7 ||     7
    Use: Potion            |       |     1 |     2 ||     3
         Scroll            |       |    10 |       ||    10
 Armour: Robe              |       |    17 |    55 ||    72
  Dodge: Dodged            |     5 |    25 |    96 ||   126

Table legend: (Time is in decaauts)
 A = Elapsed time spent in this place.
 B = Non-inter-level travel time spent in this place.
 C = Inter-level travel time spent in this place.
 D = Time resting spent in this place.
 E = Time spent auto-exploring this place.
 F = Levels seen in this place.
 G = Mean time per level.
                   A        B        C        D        E       F      G
               +--------+--------+--------+--------+--------+-----+--------+
         Total |   8759 |   8609 |    150 |    616 |   6913 |   9 |  973.2 |
       Dungeon |   8079 |   7932 |    147 |    616 |   6329 |   7 | 1154.1 |
        Temple |     58 |     55 |      3 |      0 |     45 |   1 |   58.0 |
         Sewer |    621 |    621 |      0 |      0 |    539 |   1 |  621.0 |
               +--------+--------+--------+--------+--------+-----+--------+

Top non-repeatable levels by time:
     D:6: 1558 daAuts
     D:7: 1370 daAuts
     D:2: 1181 daAuts
     D:4: 1171 daAuts
     D:1: 1109 daAuts
     D:5: 883 daAuts
     D:3: 804 daAuts
   Sewer: 621 daAuts
  Temple: 58 daAuts

Table legend:
 A = Kills in this place as a percentage of kills in the entire game.
 B = Kills by you in this place as a percentage of kills by you in the entire game.
 C = Kills by friends in this place as a percentage of kills by friends in the entire game.
 D = Other kills in this place as a percentage of other kills in the entire game.
 E = Experience gained in this place as a percentage of experience gained in the entire game.
 F = Experience gained in this place divided by the number of levels of this place that you have seen.
                   A       B       C       D       E      F
               +-------+-------+-------+-------+-------+----------------------
         Total | 100.0 | 100.0 |   N/A |   N/A | 100.0 | 356.1
       Dungeon |  88.0 |  88.0 |   N/A |   N/A |  97.1 | 444.6
         Sewer |  12.0 |  12.0 |   N/A |   N/A |   2.9 |  93.0
               +-------+-------+-------+-------+-------+----------------------
